 Dungeon Crawl Stone Soup version 0.26.1-11-gd32895ea62 (webtiles) character file.

Game seed: 10039276912972400130

132318 phalm the Grappler (level 16, -5/162 HPs)
             Began as a Troll Hunter on May 11, 2021.
             Was the Champion of Cheibriados.
             Slain by an alligator snapping turtle (18 damage)
             ... on level 2 of the Shoals.
             The game lasted 01:38:51 (26415 turns).

phalm the Grappler (Troll Hunter)                  Turns: 26415, Time: 01:38:52

Health: -5/162     AC: 17    Str: 44    XL:     16   Next: 57%
Magic:  8/21       EV: 17    Int: 22    God:    Cheibriados [******]
Gold:   2392       SH: 19    Dex: 25    Spells: 10/17 levels left

rFire    + . .     SeeInvis .     - Unarmed
rCold    . . .     Faith    .   L - +0 kite shield
rNeg     + . .     Spirit   .   a - +4 troll leather armour
rPois    .         Reflect  +   h - +2 hat
rElec    .         Harm     .   G - +1 cloak
rCorr    .         Rampage  .   (gloves unavailable)
Will     +....                  (boots unavailable)
Stlth    ++........             D - amulet of reflection
HPRegen  1.17/turn              n - ring of positive energy
MPRegen  0.17/turn              F - ring of protection from fire

@: very slow
A: large, unfitting armour, claws 3, regeneration 1, shaggy fur 1, tough skin 3
a: Renounce Religion, Bend Time, Temporal Distortion, Slouch, Step From Time


You were on level 2 of the Shoals.
You worshipped Cheibriados.
Cheibriados was exalted by your worship.
You visited 6 branches of the dungeon, and saw 27 of its levels.
You also visited: Sewer.

You collected 2622 gold pieces.
You spent 230 gold pieces at shops.


Innate Abilities, Weirdness & Mutations

You are too large for most types of armour.
You have claws for hands.
Your natural rate of healing is unusually fast.
You are covered in fur. (AC +1)
You have extremely tough skin. (AC +3)


   Skills:
 * Level 11.2 Fighting
 + Level 10.0 Throwing
 + Level 8.3 Armour
 + Level 8.4 Dodging
 - Level 0.3 Stealth
 + Level 7.2 Shields
 * Level 13.0 Unarmed Combat
 - Level 1.1 Spellcasting
 + Level 2.1 Translocations
 - Level 5.0 Transmutations
 - Level 5.0 Earth Magic
 + Level 8.5 Invocations
 + Level 6.5 Evocations


You had 10 spell levels left.
You knew the following spells:

 Your Spells              Type           Power        Failure   Level
a - Passwall              Tmut/Erth      19%          4%          2
b - Beastly Appendage     Tmut           46%          3%          1
w - Wereblood             Tmut           23%          4%          2
B - Blink                 Tloc           N/A          14%         2

Your spell library contained the following spells:

 Spells                   Type           Power        Failure   Level
 Sandblast                Erth           46%          3%          1
 Sting                    Tmut/Pois      48%          9%          1
 Foxfire                  Conj/Fire      4%           24%         1
 Spider Form              Tmut/Pois      6%           26%         3
 Stone Arrow              Conj/Erth      24%          26%         3
 Gell's Gravitas          Tloc           5%           28%         3
 Petrify                  Tmut/Erth      23%          30%         4
 Call Imp                 Summ           1%           34%         2
 Poisonous Vapours        Pois/Air       2%           34%         2
 Slow                     Hex            1%           34%         2
 Ignite Poison            Fire/Tmut/Pois 8%           34%         3
 Confusing Touch          Hex            1%           56%         3
 Conjure Flame            Conj/Fire      1%           56%         3
 Inner Flame              Hex/Fire       1%           56%         3
 Mephitic Cloud           Conj/Pois/Air  1%           56%         3
 Ice Form                 Ice/Tmut       12%          63%         4
 Blade Hands              Tmut           11%          63%         5
 Lee's Rapid Deconstruct  Erth           11%          63%         5
 Olgreb's Toxic Radiance  Pois           1%           93%         4
 Sticky Flame             Conj/Fire      1%           93%         4
 Irradiate                Conj/Tmut      6%           93%         5
 Yara's Violent Unravell  Hex/Tmut       6%           93%         5
 Hydra Form               Tmut           11%          99%         6
 Statue Form              Tmut/Erth      15%          99%         6
 Fireball                 Conj/Fire      0%           100%        5
 Lightning Bolt           Conj/Air       0%           100%        5
 Metabolic Englaciation   Hex/Ice        0%           100%        5
 Dragon Form              Tmut           11%          100%        7
 Ignition                 Fire           0%           100%        8

Inventory:

Missiles
 c - 24 large rocks {=f}
 d - 3 throwing nets {=f!f}
 k - 5 boomerangs of dispersal {=f!f}
 B - 11 boomerangs (quivered)
 T - 64 poisoned darts
Armour
 a - a +4 troll leather armour (worn)
   (You found it on level 2 of the Orcish Mines)
 h - a +2 hat (worn)
   (You found it on level 1 of the Dungeon)
 A - a +2 robe of fire resistance
   (You took it off Josephine on level 1 of the Shoals)
 G - a +1 cloak (worn)
   (You found it on level 6 of the Dungeon)
 L - a +0 kite shield (worn)
   (You found it on level 4 of the Lair of Beasts)
Jewellery
 n - a ring of positive energy (left claw)
   (You found it on level 1 of the Lair of Beasts)
 v - an uncursed ring of see invisible
   (You found it on level 3 of the Lair of Beasts)
 C - an uncursed ring of protection from cold
   (You found it on level 7 of the Dungeon)
 D - an amulet of reflection (around neck)
   (You found it on level 6 of the Dungeon)
 F - a ring of protection from fire (right claw)
   (You found it on level 4 of the Lair of Beasts)
 N - an uncursed ring of positive energy
   (You found it on level 5 of the Dungeon)
Wands
 i - a wand of paralysis (15)
   (You found it on level 6 of the Dungeon)
 r - a wand of polymorph (13)
   (You took it off an orc on level 3 of the Dungeon)
 t - a wand of flame (53)
   (You took it off Natasha on level 2 of the Dungeon)
 y - a wand of enslavement (8)
   (You found it on level 3 of the Lair of Beasts)
 U - a wand of digging (7)
   (You found it on level 1 of the Lair of Beasts)
 V - a wand of disintegration (15)
   (You found it on level 1 of the Lair of Beasts)
Scrolls
 b - a scroll of summoning
 e - 4 scrolls of blinking {!r}
 g - 5 scrolls of fear
 l - 7 scrolls of teleportation {@r4}
 m - 18 scrolls of remove curse {@r2}
 p - 2 scrolls of enchant armour
 w - 6 scrolls of magic mapping {!r}
 x - 4 scrolls of fog
 E - 3 scrolls of immolation {!r!r}
 K - 3 scrolls of identify {@r1}
Potions
 f - 6 potions of curing {@q1}
 j - a potion of ambrosia
 q - 9 potions of heal wounds {@q2}
 s - 2 potions of invisibility
 u - 2 potions of lignification {!q}
 z - 6 potions of attraction {!q}
 P - a potion of resistance
 R - 3 potions of brilliance
 S - 2 potions of might
 X - a potion of cancellation
Miscellaneous
 o - a phial of floods
   (You found it on level 2 of the Lair of Beasts)
 I - a tin of tremorstones (2/2)
   (You found it on level 4 of the Lair of Beasts)

Dungeon Overview and Level Annotations

Branches:
Dungeon (15/15)            Temple (1/1) D:4            Lair (6/6) D:8
 Shoals (2/4) Lair:2       Spider (0/4) Lair:2        Slime (0/5) Lair:5
    Orc (2/2) D:9             Elf (0/3) Orc:2        Vaults (0/5) D:13
 Depths (1/5) D:15          Sewer (visited)

Altars:
Ashenzari
Cheibriados
Dithmenos
Elyvilon
Fedhas
Gozag
Hepliaklqana
Kikubaaqudgha
Makhleb
Nemelex Xobeh
Okawaru
Qazlal
Ru
Sif Muna
Trog
Uskayaw
Vehumet
Wu Jian
Xom
Yredelemnul
Zin
The Shining One
Beogh

Shops:
D:6 :   D:7 [   Orc:1 *   Orc:2 ?((:

Portals:
Hell: Lair:6 Depths:1
Pandemonium: Depths:1

Annotations:
Lair:3 3 runed translucent doors, metroholografix's ghost, journeyman GrBe

≈≈≈≈≈≈≈≈≈≈≈≈≈≈≈≈≈
≈≈≈≈≈≈≈≈≈≈≈≈≈≈≈≈≈≈≈
≈≈≈≈≈≈≈≈≈≈≈≈≈≈≈≈≈≈≈
≈≈≈≈≈≈≈≈≈...≈≈≈≈≈≈≈
≈≈≈≈≈≈≈≈.<#..≈≈≈≈≈≈
≈≈≈≈≈≈≈)..#.≈≈≈≈≈≈≈
≈≈≈≈≈(≈≈....≈≈≈≈≈≈≈
≈≈≈≈≈≈....≈≈≈≈≈≈≈≈≈
≈≈≈≈≈≈....)@t≈≈≈≈≈.
≈≈≈≈.......)(≈≈.≈..
≈≈≈.c##...)†)(.≈≈≈.
≈≈≈.# #....##).≈≈≈≈
≈≈≈. #...## .≈≈≈≈≈
≈≈ ..≈≈.. ≈≈≈≈≈≈
....≈.≈ ≈≈†≈≈
.......≈ ≈≈≈≈≈
#.####.


You could see an alligator snapping turtle and a faun.


Message History

The merfolk hits you with a +1 trident of venom!
* * * LOW HITPOINT WARNING * * *
You are more poisoned. 😨 HP[-12]
You take 12 damage, and now have 62/162 hp.
You can feel time thicken for a moment.
You kill the merfolk!
Cheibriados thoroughly appreciates the change of pace.
You hear a splash.
You kill the merfolk!
Cheibriados appreciates the change of pace.
You feel sick.
The merfolk javelineer throws a silver javelin.
The silver javelin completely misses you.
You hear a splash.
The alligator snapping turtle bites you but does no damage. 😨 HP[-1] MP[-5]
You take 1 damage, and now have 61/162 hp.
You lost 5 mp, and now have 6/21 mp.
Aiming: Iceblast
Press: ? - help, Shift-Dir - straight line, f - cyclops
Aim: a cyclops, quivering 3 large rocks (almost dead)
The mass of ice explodes!
The iceblast engulfs the cyclops!!
You kill the cyclops!
Cheibriados appreciates the change of pace.
You hear a splash.
The iceblast engulfs the alligator snapping turtle.
The iceblast engulfs the merfolk javelineer!!
You feel sick.
You hear a bleat!
You hear a shout!
The merfolk javelineer throws a silver javelin.
The silver javelin closely misses you.
You hear a splash.
You block the alligator snapping turtle's attack. 😨 HP[-1]
You take 1 damage, and now have 60/162 hp.
Aiming: Iceblast
Press: ? - help, Shift-Dir - straight line The mass of ice explodes!
The iceblast engulfs the alligator snapping turtle!
The iceblast engulfs the merfolk javelineer!
The iceblast engulfs the dream sheep!
You kill the dream sheep!
Cheibriados thoroughly appreciates the change of pace.
The now-empty wand crumbles to dust.
You feel sick.
The merfolk javelineer throws a silver javelin.
The silver javelin pierces through you!!
* * * LOW HITPOINT WARNING * * *
x2 You hear a splash.
You block the alligator snapping turtle's attack. 😱 HP[-28] MP[+1]
You take 28 damage, and now have 32/162 hp.
Throw: 11 boomerangs
Press: ? - help, Q - select action, (/) - cycle Shift-Dir - straight line, f - alligator snapping turtle
Aim: an alligator snapping turtle (moderately wounded, 95% to hit)
You throw a boomerang.
The boomerang completely misses the alligator snapping turtle.
You feel sick.
The merfolk javelineer throws a silver javelin.
The silver javelin pierces through you!
* * * LOW HITPOINT WARNING * * *
x2 You hear a splash. 😱 HP[-20]
You take 20 damage, and now have 12/162 hp.
You don't have enough magic at the moment.
Okay, then.
Unknown command.
Okay, then.
Aiming: Disintegrate
Press: ? - help, Shift-Dir - straight line, f - merfolk javelineer, p - alligator snapping turtle
Aim: a merfolk javelineer, wielding a +4 spear of venom, wearing a +0 leather armour and quivering 14 silver javelins (almost dead, chance to affect: 56%)
The merfolk javelineer is blasted!!
You blow up the merfolk javelineer!
Cheibriados appreciates the change of pace.
You feel sick.
You block the alligator snapping turtle's attack.
Your Unarmed Combat skill increases to level 13!
Okay, then.
You feel better.
The alligator snapping turtle bites you but does no damage. 😱 HP[+7]
You regained 7 hp, and now have 19/162 hp.
A faun comes into view. It is wielding a +0 quarterstaff.
The alligator snapping turtle bites you!
* * * LOW HITPOINT WARNING * * *
The faun unwields a +0 quarterstaff.
The faun wields a +0 hunting sling.
The faun shoots a stone.
You reflect the stone off an invisible shield around you!
The stone completely misses the faun. 😱 HP[-15]
You take 15 damage, and now have 4/162 hp.
You feel much better.
You block the alligator snapping turtle's attack. 😱 HP[+21] MP[+1]
You regained 21 hp, and now have 25/162 hp.
You claw the alligator snapping turtle!
The faun shoots a stone.
The stone hits you!
* * * LOW HITPOINT WARNING * * *
The alligator snapping turtle bites you!!
You die...

Skill      XL: |  1  2  3  4  5  6  7  8  9 10 11 12 13 14 15 16 |
---------------+-------------------------------------------------+-----
Unarmed Combat | 1 2 3 4 6 7 8 9 10 11 12 13 | 13.0
Fighting       | 2 3 4 5 6 7 8 9 10 11 | 11.2
Dodging        | 2 3 4 5 6 7 8 |  8.4
Armour         | 1 2 3 4 5 6 7 8 |  8.3
Throwing       | 4 5 6 7 8 9 10 | 10.0
Invocations    | 2 3 4 5 6 7 8 |  8.5
Evocations     | 1 2 3 4 5 6 |  6.5
Shields        | 1 2 3 4 5 6 7 |  7.2
Transmutations | 1 2 3 4 5 |  5.0
Spellcasting   | 1 |  1.1
Earth Magic    | 2 3 4 5 |  5.0
Translocations | 2 |  2.1
Stealth        | |  0.3

Action                   |  1- 3 |  4- 6 |  7- 9 | 10-12 | 13-15 | 16-18 || total
-------------------------+-------+-------+-------+-------+-------+-------++-------
Melee: Short sword       |    21 |       |       |       |       |       ||    21
       Unarmed           |    71 |   226 |   357 |   504 |   815 |   159 ||  2132
       Punch             |       |     2 |     6 |     5 |       |       ||    13
       Kick              |       |       |       |       |    24 |       ||    24
       Headbutt          |       |       |       |       |    11 |       ||    11
       Falchion          |       |       |       |       |     7 |       ||     7
Throw: Stone             |    37 |    47 |   116 |   106 |     8 |       ||   314
       Dart              |     6 |       |   169 |   237 |   208 |       ||   620
       Large rock        |       |       |     4 |     3 |     7 |       ||    14
       Boomerang         |       |       |     3 |    13 |   463 |   125 ||   604
       Throwing net      |       |       |       |     1 |       |       ||     1
 Cast: Wereblood         |       |       |       |       |     8 |       ||     8
       Beastly Appendage |       |       |       |       |     3 |       ||     3
Invok: Slouch            |       |       |     1 |     3 |     5 |     3 ||    12
Evoke: Wand              |       |     1 |     2 |    27 |     5 |     3 ||    38
       Phial of floods   |       |       |       |       |     1 |       ||     1
       Tin of tremorston |       |       |       |       |     2 |       ||     2
  Use: Scroll            |       |     7 |     7 |     6 |    18 |     1 ||    39
       Potion            |       |       |       |       |       |     3 ||     3
 Stab: Sleeping          |       |     2 |       |       |     1 |     1 ||     4
       Paralysed         |       |       |     5 |       |       |       ||     5
       Petrified         |       |       |       |       |     1 |       ||     1
Armor: Robe              |    56 |   112 |   121 |       |       |       ||   289
       Steam dragon scal |       |       |    23 |   135 |   103 |       ||   261
       Troll leather arm |       |       |       |       |    47 |    44 ||    91
Dodge: Dodged            |    65 |   143 |   178 |   170 |   269 |    93 ||   918
Block: Other             |       |       |    36 |    25 |       |     5 ||    66
       Reflection        |       |       |     1 |     5 |    39 |     3 ||    48
       Tower shield      |       |       |       |   404 |     6 |       ||   410
       Kite shield       |       |       |       |       |   642 |   180 ||   822
       Rpst.: Falchion   |       |       |       |       |     1 |       ||     1

Levels and vault maps discovered:
D:1:      eino_arrival_cavern_d, layout_basic
D:2:      layout_loops_ring, uniq_natasha, uniq_jessica
D:3:      layout_basic, nzn_wu_jian_contemplation, gup_sewer_entry_bubbles
D:4:      layout_layer_cave, kennysheep_little_box,
          minmay_temple_entry_mini_moons, serial_bayou_ford_a, eino_tiny_chamber
D:5:      layout_loops_cross, general_overflow_altar, serial_co_window_serial,
          co_window_paths_a, co_window_cross_1, co_window_corner_a,
          co_window_paths_a, co_window_of_opportunity_a, co_window_cross_3,
          co_window_corner_b, co_window_of_opportunity_b, co_window_broadway_a,
          co_window_of_opportunity_b, co_window_broadway_b,
          co_window_broadway_c, co_window_4corner_a, glass_columns_a,
          glass_columns_b, glass_columns_b
D:6:      layout_basic, serial_glass, glass_columns_c, glass_columns_b,
          feat_on_display, minmay_strange_pillars, serial_shops, shop,
          amcnicky_mini_corridor_feature, uniq_crazy_yiuf_cottage
D:7:      layout_cave_pools, lemuel_zombie_altar_kikubaaqudgha, serial_shops,
          nicolae_shop_behind_doors, minmay_misc_feat_square,
          minmay_ruined_shrine, uniq_maggie, uniq_joseph
D:8:      layout_loops_ring, lair_entry_dummy
D:9:      layout_gridville, grunt_temple_overflow_open, orc_0_dummy
D:10:     layout_basic, lemuel_mausoleum_altar_yredelemnul
D:11:     layout_gridville, basic_altar, uniq_nergalle
D:12:     layout_roguey [special_room_orc], uniq_fannar
D:13:     layout_loops_corners, david_vaults_3
D:14:     layout_loops_ring, minmay_misc_feat_roman, minmay_fountain_box
D:15:     hangedman_depths_entry_civil_slaughter, layout_loops_cross,
          uniq_jorgrun
Temple:   nicolae_temple_elliptical
Lair:1:   layout_regular_city, serial_forest, infiniplex_forest_clump_double,
          infiniplex_forest_lined_1, infiniplex_forest_3_way,
          infiniplex_forest_pool, infiniplex_forest_end_3,
          infiniplex_forest_lined_2, infiniplex_forest_clump_C
Lair:2:   layout_regular_city, minmay_shoals_entry_beasts,
          spider_nest_entry_web_field, nzn_random_ring
Lair:3:   layout_chaotic_city, maelrawn_ghost_gauntlet_escape,
          infiniplex_staircase_pool, grunt_megastairs_5, serial_bayou_shore_a
Lair:4:   layout_misc_corridors
Lair:5:   layout_misc_corridors, dpeg_slime_entry_corner,
          ebering_ghost_disaster_area
Lair:6:   evil_forest, layout_big_grid, grunt_forest_large_clearings,
          lemuel_fruit_fields
Shoals:1: layout_shoals, uniq_kirke, uniq_josephine
Shoals:2: cheibrodos_shoals_roost, layout_shoals, st_sunken_huts
Orc:1:    layout_diamond_mine, serial_shops, shop, nicolae_orc_lost_temple
Orc:2:    st_orc_open, layout_caves
Depths:1: layout_cave_pools, serial_shops, shop, pan_entry, pf_coc_iceberg,
          minmay_the_grid_square_5x5_3x3_mashed
          [minmay_the_grid_square_5x5_checkered,
          minmay_the_grid_square_5x5_minibox,
          minmay_the_grid_square_5x5_dogpile,
          minmay_the_grid_square_5x5_tetrominoes,
          minmay_the_grid_square_5x5_megaprize_checkered,
          minmay_the_grid_square_5x5_moneybag,
          minmay_the_grid_square_5x5_sharp_hourglass,
          minmay_the_grid_square_5x5_shrine2,
          minmay_the_grid_square_5x5_n_small]

Notes
Turn   | Place    | Note
-------+----------+-------------------------------------------
     0 | D:1      | phalm the Troll Hunter began the quest for the Orb.
     0 | D:1      | Reached XP level 1. HP: 19/19 MP: 0/0
     0 | D:1      | magus.rc [v1.9.10]
    98 | D:1      | Reached XP level 2. HP: 23/28 MP: 1/1
   569 | D:1      | Reached skill level 1 in Unarmed Combat
   676 | D:2      | Reached XP level 3. HP: 35/35 MP: 2/2
   702 | D:2      | Reached skill level 2 in Fighting
   702 | D:2      | Reached skill level 2 in Dodging
   713 | D:2      | Reached skill level 1 in Armour
   894 | D:2      | Noticed Jessica
   902 | D:2      | Killed Jessica
   903 | D:2      | Reached skill level 4 in Throwing
   903 | D:2      | Reached XP level 4. HP: 42/42 MP: 3/3
   975 | D:2      | Noticed Natasha
   977 | D:2      | Killed Natasha
  1296 | D:2      | Noticed Natasha
  1319 | D:2      | Killed Natasha
  1320 | D:2      | Reached XP level 5. HP: 50/50 MP: 4/4
  1336 | D:2      | Noticed Natasha
  1349 | D:2      | Killed Natasha
  1350 | D:2      | Reached skill level 2 in Unarmed Combat
  1594 | D:3      | HP: 9/50 [orc/+0 flail (5)]
  1598 | D:3      | HP: 3/50 [orc (3)]
  1606 | D:3      | Reached XP level 6. HP: 8/59 MP: 5/5
  1618 | D:3      | HP: 14/59 [orc/+0 flail (2)]
  1619 | D:3      | Reached skill level 2 in Armour
  1720 | D:3      | Noticed an ice beast
  1736 | D:3      | Killed an ice beast
  1737 | D:3      | Reached skill level 3 in Fighting
  1793 | D:3      | Found a glowing drain.
  1799 | Sewer    | Entered a sewer
  1874 | Sewer    | Reached skill level 3 in Dodging
  2051 | Sewer    | Reached skill level 3 in Unarmed Combat
  2399 | D:3      | Reached XP level 7. HP: 67/67 MP: 6/6
  2574 | D:3      | Found an ornate altar of the Wu Jian Council.
  2988 | D:4      | Found a staircase to the Ecumenical Temple.
  3018 | Temple   | Entered the Ecumenical Temple
  3139 | Temple   | Became a worshipper of Cheibriados the Contemplative
  3275 | D:4      | Reached skill level 5 in Throwing
  3397 | D:4      | Reached skill level 3 in Armour
  3712 | D:4      | Found a broken altar of Ashenzari.
  4212 | D:5      | Entered Level 5 of the Dungeon
  4260 | D:5      | Reached XP level 8. HP: 72/78 MP: 7/7
  4412 | D:5      | Reached * piety under Cheibriados
  4462 | D:5      | Reached skill level 1 in Invocations
  4673 | D:5      | Reached skill level 4 in Unarmed Combat
  5034 | D:6      | Found Totoar's Book Boutique.
  5200 | D:5      | Reached skill level 4 in Fighting
  5320 | D:5      | Reached ** piety under Cheibriados
  5549 | D:5      | Found a basalt altar of Yredelemnul.
  5701 | D:6      | Reached skill level 4 in Dodging
  5841 | D:6      | Reached skill level 2 in Invocations
  6366 | D:6      | Found a runed translucent door.
  6367 | D:6      | Noticed Crazy Yiuf
  6718 | D:6      | Killed Crazy Yiuf
  6780 | D:7      | Reached XP level 9. HP: 79/85 MP: 9/9
  6783 | D:7      | Reached *** piety under Cheibriados
  6814 | D:7      | Reached skill level 5 in Unarmed Combat
  6862 | D:7      | Reached skill level 4 in Armour
  6876 | D:7      | Reached skill level 6 in Throwing
  6930 | D:7      | Reached skill level 3 in Invocations
  6930 | D:7      | Reached skill level 1 in Evocations
  7075 | D:7      | Reached skill level 5 in Fighting
  7100 | D:7      | Reached **** piety under Cheibriados
  7103 | D:7      | Noticed Maggie
  7120 | D:7      | Killed Maggie
  7159 | D:7      | You pick up a book of Changes and begin reading...
  7159 | D:7      | You add the spells Beastly Appendage, Wereblood, Spider
                  | Form, Ice Form and Blade Hands to your library.
  7162 | D:7      | Learned a level 1 spell: Beastly Appendage
  7165 | D:7      | Learned a level 2 spell: Wereblood
  7184 | D:7      | Found Folumak's Antique Armour Shoppe.
  7264 | D:7      | Noticed Joseph
  7273 | D:7      | Reached skill level 1 in Shields
  7281 | D:7      | Killed Joseph
  7282 | D:7      | Reached skill level 6 in Unarmed Combat
  7386 | D:7      | You pick up a book of Flames and begin reading...
  7386 | D:7      | You add the spells Foxfire, Conjure Flame, Inner Flame,
                  | Sticky Flame and Fireball to your library.
  7436 | D:7      | Found a blossoming altar of Fedhas.
  7589 | D:7      | Found an ancient bone altar of Kikubaaqudgha.
  7668 | D:7      | Reached XP level 10. HP: 96/96 MP: 11/11
  8011 | D:8      | Reached skill level 2 in Evocations
  8040 | D:8      | Reached skill level 5 in Dodging
  8051 | D:8      | Reached ***** piety under Cheibriados
  8574 | D:8      | Found a staircase to the Lair.
  8791 | D:9      | Reached skill level 1 in Transmutations
  9068 | D:9      | Reached skill level 2 in Shields
  9078 | D:9      | Reached skill level 1 in Spellcasting
  9154 | D:9      | Reached skill level 6 in Fighting
  9269 | D:9      | Reached skill level 4 in Invocations
  9337 | D:9      | Found a hazy altar of Hepliaklqana.
  9346 | D:9      | Found a radiant altar of Vehumet.
  9354 | D:9      | Found a staircase to the Orcish Mines.
  9586 | D:10     | Entered Level 10 of the Dungeon
  9715 | D:10     | Reached skill level 7 in Unarmed Combat
 10126 | D:10     | Found a basalt altar of Yredelemnul.
 10625 | D:11     | Found an ornate altar of the Wu Jian Council.
 10626 | D:11     | Noticed Nergalle
 10636 | D:11     | Killed Nergalle
 10637 | D:11     | Reached skill level 5 in Armour
 10657 | D:11     | You pick up a book of Misfortune and begin reading...
 10657 | D:11     | You add the spells Confusing Touch, Gell's Gravitas,
                  | Petrify, Metabolic Englaciation and Yara's Violent
                  | Unravelling to your library.
 10664 | D:11     | Noticed a red ugly thing
 10674 | D:11     | Killed a red ugly thing
 10675 | D:11     | Reached XP level 11. HP: 107/107 MP: 13/13
 10684 | D:11     | You pick up a book of Geomancy and begin reading...
 10684 | D:11     | You add the spells Sandblast, Passwall, Stone Arrow and
                  | Lee's Rapid Deconstruction to your library.
 10688 | D:11     | Learned a level 2 spell: Passwall
 11005 | D:11     | Noticed a green ugly thing
 11016 | D:11     | Killed a green ugly thing
 11017 | D:11     | Reached skill level 2 in Transmutations
 11065 | D:11     | Killed an unseen horror
 11308 | Lair:1   | Entered Level 1 of the Lair of Beasts
 11338 | D:8      | Reached skill level 1 in Earth Magic
 11341 | D:8      | Reached skill level 3 in Shields
 11344 | D:8      | Reached skill level 7 in Throwing
 11609 | Lair:1   | Reached skill level 3 in Evocations
 11625 | Lair:1   | Reached skill level 8 in Unarmed Combat
 11833 | Lair:1   | Reached skill level 7 in Fighting
 12231 | Lair:1   | You fall into a shaft and drop 1 floor!
 12244 | Lair:2   | Noticed a six-headed hydra
 12256 | Lair:1   | HP: 21/109 [six-headed hydra (8)]
 12257 | Lair:1   | Killed a six-headed hydra
 12579 | Lair:1   | Reached skill level 2 in Earth Magic
 12579 | Lair:1   | Reached skill level 5 in Invocations
 12631 | Lair:1   | HP: 27/109 [yak (8)]
 12632 | Lair:1   | HP: 10/109 [yak[a torpor snail] (8)]
 12812 | Lair:2   | Found a hole to the Spider Nest.
 12820 | Lair:2   | Reached XP level 12. HP: 118/118 MP: 14/14
 12898 | Lair:2   | Noticed a five-headed hydra
 12906 | Lair:2   | Killed a five-headed hydra
 13046 | Lair:2   | Reached skill level 3 in Transmutations
 13352 | Lair:2   | Reached skill level 6 in Dodging
 13407 | Lair:2   | Noticed a catoblepas
 13446 | Lair:2   | Killed a catoblepas
 13740 | Lair:2   | HP: 23/119 [wind drake/the air (14)]
 13881 | Lair:2   | Found a staircase to the Shoals.
 13914 | Lair:2   | Reached skill level 3 in Earth Magic
 14046 | Lair:2   | Noticed a four-headed hydra
 14054 | Lair:2   | Killed a four-headed hydra
 14055 | Lair:2   | Reached skill level 9 in Unarmed Combat
 14224 | Lair:2   | Reached skill level 4 in Shields
 14296 | Lair:3   | Noticed metroholografix's ghost (journeyman GrBe)
 14299 | Lair:3   | Noticed a minotaur
 14300 | Lair:3   | Identified the ring "Vynisa" {*Tele Int+4}
 14369 | Lair:3   | Found a runed translucent gate.
 14369 | Lair:3   | Found a runed translucent gate.
 14369 | Lair:3   | Found a runed translucent gate.
 14387 | Lair:3   | Reached skill level 8 in Fighting
 14445 | Lair:3   | Reached skill level 6 in Armour
 14445 | Lair:3   | Reached skill level 4 in Evocations
 14495 | Lair:3   | Reached ****** piety under Cheibriados
 14533 | Lair:3   | You pick up a book of Transfigurations and begin reading...
 14533 | Lair:3   | You add the spells Irradiate, Statue Form, Hydra Form and
                  | Dragon Form to your library.
 15400 | Lair:4   | Reached skill level 8 in Throwing
 15402 | Lair:4   | Reached XP level 13. HP: 126/128 MP: 16/16
 15469 | Lair:4   | Reached skill level 6 in Invocations
 16202 | Lair:5   | Found a large runed translucent door.
 16203 | Lair:5   | Found a large runed translucent door.
 16213 | Lair:5   | Noticed Kuafuorr's ghost (journeyman GnWn)
 16316 | Lair:5   | Reached skill level 10 in Unarmed Combat
 16630 | Lair:5   | Found a staircase to the Slime Pits.
 16921 | Lair:5   | Killed Kuafuorr's ghost
 16965 | Lair:6   | Entered Level 6 of the Lair of Beasts
 17270 | Lair:6   | Reached skill level 5 in Shields
 17678 | Lair:6   | Reached skill level 9 in Fighting
 18010 | Lair:6   | Found a burning altar of Makhleb.
 18024 | Lair:6   | Reached skill level 7 in Dodging
 18129 | Lair:6   | Reached XP level 14. HP: 104/140 MP: 18/18
 18184 | Lair:6   | Found a gateway to Hell.
 18191 | Lair:6   | Identified the Compendium of Blows and Bruises and Fire
 18192 | Lair:6   | You add the spells Lightning Bolt and Ignition to your
                  | library.
 18539 | Lair:6   | Reached skill level 4 in Earth Magic
 18544 | Lair:6   | Reached skill level 5 in Evocations
 18789 | Lair:6   | Reached skill level 7 in Armour
 19142 | Orc:1    | Entered Level 1 of the Orcish Mines
 19488 | Orc:2    | Entered Level 2 of the Orcish Mines
 19607 | Orc:2    | Found Umoysar's Weapon Shoppe.
 19621 | Orc:1    | Found Buodo's General Store.
 19687 | Orc:1    | Found a roughly hewn altar of Beogh.
 19900 | Orc:2    | Found a staircase to the Elven Halls.
 19979 | Orc:2    | Reached skill level 11 in Unarmed Combat
 19981 | Orc:2    | Reached skill level 7 in Invocations
 19984 | Orc:2    | Reached skill level 4 in Transmutations
 19990 | Orc:2    | Noticed a stone giant
 20009 | Orc:2    | Killed a stone giant
 20013 | Orc:2    | HP: 27/140 [two-headed ogre/+0 giant spiked club (11)]
 20020 | Orc:2    | HP: 24/141 [ogre/+0 giant club (7)]
 20041 | Orc:2    | HP: 28/141 [deep troll (9)]
 20041 | Orc:2    | HP: 13/141 [deep troll (15)]
 20299 | Orc:2    | Found Poerrirph's Magic Scroll Emporium.
 20301 | Orc:2    | Found Xiosuot's Book Shop.
 20309 | Orc:2    | Bought a scroll of summoning for 104 gold pieces
 20309 | Orc:2    | Bought a scroll of identify for 22 gold pieces
 20309 | Orc:2    | Bought a scroll of identify for 22 gold pieces
 20310 | Orc:2    | Identified a scroll of acquirement
 20311 | Orc:2    | Acquired a +1 tower shield of protection
 20315 | Orc:2    | Found Uniacile's Antique Weapon Shoppe.
 20592 | Orc:2    | Reached skill level 9 in Throwing
 20839 | Orc:2    | Bought a scroll of enchant armour for 82 gold pieces
 21194 | D:12     | Reached skill level 6 in Shields
 21395 | D:12     | Reached skill level 10 in Fighting
 21402 | D:12     | Found a roughly hewn altar of Beogh.
 21415 | D:12     | You add the spells Sting, Poisonous Vapours, Mephitic
                  | Cloud, Ignite Poison and Olgreb's Toxic Radiance to your
                  | library.
 21567 | D:12     | Reached XP level 15. HP: 149/149 MP: 19/19
 21604 | D:12     | Identified Utwef's Easy Magic
 21605 | D:12     | You add the spells Slow, Call Imp and Blink to your
                  | library.
 21965 | D:12     | You fall into a shaft and drop 1 floor!
 22030 | D:13     | Reached skill level 5 in Earth Magic
 22051 | D:13     | Noticed Rupert
 22072 | D:13     | Noticed Nessos
 22078 | D:13     | Killed Rupert
 22083 | D:13     | Killed Nessos
 22085 | D:13     | a +2 triple sword of holy wrath {rare}; a +3 chain mail; a
                  | human corpse
 22142 | D:13     | Found a gate to the Vaults.
 23162 | D:14     | Reached skill level 12 in Unarmed Combat
 23875 | D:15     | Entered Level 15 of the Dungeon
 23900 | D:15     | Reached skill level 5 in Transmutations
 23947 | D:15     | Got a steaming falchion
 23948 | D:15     | Identified the +8 falchion of Moderation {flame, +Blink
                  | Str+3 Stlth+} (You found it on level 15 of the Dungeon)
 24067 | D:15     | Reached skill level 6 in Evocations
 24074 | D:15     | Reached skill level 8 in Dodging
 24205 | D:15     | Reached skill level 8 in Invocations
 24338 | D:15     | Found a staircase to the Depths.
 24342 | D:15     | Learned a level 2 spell: Blink
 24415 | D:15     | Identified a +1 robe of the Archmagi
 24415 | D:15     | Noticed Jorgrun
 24426 | D:15     | Killed Jorgrun
 24823 | Depths:1 | Entered Level 1 of the Depths
 24835 | Depths:1 | Reached skill level 8 in Armour
 24870 | D:15     | Reached XP level 16. HP: 112/161 MP: 21/21
 25077 | Depths:1 | Reached skill level 1 in Translocations
 25204 | Depths:1 | Found a one-way gate leading to the halls of Pandemonium.
 25426 | Shoals:1 | Entered Level 1 of the Shoals
 25436 | Shoals:1 | Noticed Kirke
 25599 | Lair:2   | Reached skill level 11 in Fighting
 25605 | Lair:2   | Killed Kirke
 25609 | Shoals:1 | Noticed Josephine
 25612 | Shoals:1 | Killed Josephine
 25613 | Shoals:1 | Reached skill level 7 in Shields
 26003 | Shoals:1 | Noticed a kraken
 26030 | Shoals:1 | Killed a kraken
 26365 | Shoals:2 | Reached skill level 10 in Throwing
 26400 | Shoals:2 | Reached skill level 2 in Translocations
 26409 | Shoals:2 | HP: 36/162 [merfolk javelineer/silver javelin (23)]
 26410 | Shoals:2 | HP: 15/162 [merfolk javelineer/silver javelin (16)]
 26412 | Shoals:2 | Reached skill level 13 in Unarmed Combat
 26413 | Shoals:2 | HP: 4/162 [alligator snapping turtle (17)]
 26415 | Shoals:2 | Slain by an alligator snapping turtle

Vanquished Creatures
  Rupert (D:13)
  Jorgrun (D:15)
  A kraken (Shoals:1)
  Kirke (Lair:2)
  2 stone giants
  A vampire knight (Depths:1)
  Nessos (D:13)
  A dire elephant (Lair:6)
  A merfolk javelineer (Shoals:2)
  The ghost of Kuafuorr the Fighter, a journeyman GnWn of Gozag (Lair:5)
  Josephine (Shoals:1)
  2 jiangshi (Depths:1)
  4 boulder beetles
  A yaktaur captain (D:15)
  9 hydras
  A rakshasa (Depths:1)
  3 catoblepae
  A merfolk avatar (Shoals:1)
  3 centaur warriors
  A deep troll earth mage (D:15)
  2 merfolk aquamancers
  10 two-headed ogres
  2 ogre magi (Orc:2)
  3 deep troll shamans
  A vampire mage (Depths:1)
  A deep elf knight (D:15)
  A hell knight (D:15)
  Nergalle (D:11)
  An iron troll (D:15)
  3 unseen horrors
  A sixfirhy (Lair:6)
  2 sea snakes
  9 skeletal warriors
  7 deep trolls
  A wizard (Lair:6)
  A deep elf archer (D:15)
  3 orc knights
  7 harpies (Shoals:1)
  3 orc sorcerers (Orc:2)
  3 manticores
  8 ugly things
  4 deep elf magi (D:15)
  4 cyclopes
  Joseph (D:7)
  An elephant (Lair:2)
  2 merfolk sirens
  4 black mambas
  17 cane toads
  A water nymph (Shoals:1)
  5 centaur zombies
  A smoke demon (Lair:6)
  An orange demon (Lair:6)
  3 torpor snails
  2 kobold demonologists (D:14)
  Maggie (D:7)
  5 rime drakes
  4 ice devils (Lair:6)
  10 komodo dragons
  2 wind drakes
  A red devil (Lair:6)
  12 trolls
  3 polar bears
  7 merfolk
  3 hornets
  5 slime creatures (D:13)
  4 dream sheep (Shoals:2)
  21 blink frogs
  A harpy skeleton (D:15)
  5 snapping turtles (Shoals:1)
  3 shadows
  2 wyverns
  4 water elementals (Shoals:1)
  A basilisk (Lair:3)
  16 humans (D:13)
  83 yaks
  5 hogs (Lair:2)
  A steam dragon (Lair:2)
  4 wraiths
  3 vampire mosquitoes (D:14)
  2 wargs (Orc:2)
  3 acid dragons
  10 water moccasins
  4 hell hounds (Lair:6)
  2 phantoms
  18 orc warriors
  A hornet zombie (D:15)
  5 ice beasts
  5 sky beasts
  3 necrophages
  30 wolves
  5 boggarts (D:15)
  An eye of draining (D:13)
  34 ogres
  4 centaurs
  3 big kobolds
  A gnoll sergeant (D:4)
  A wyvern zombie (D:7)
  13 bullfrogs
  3 scorpions
  11 killer bees
  A troll zombie (D:10)
  A wight (D:10)
  7 howler monkeys
  8 jellies
  2 quasits
  2 bullfrog zombies
  7 hounds
  3 human zombies (D:10)
  8 orc priests
  3 centaur skeletons
  Crazy Yiuf (D:6)
  2 bullfrog skeletons (D:7)
  2 human skeletons (D:10)
  11 orc wizards
  Jessica (D:2)
  8 worker ants
  An iguana (D:4)
  Natasha (thrice) (D:2)
  A killer bee zombie (D:10)
  2 hound zombies
  A mummy (D:10)
  2 howler monkey zombies
  7 gnolls
  A howler monkey skeleton (D:7)
  15 adders
  4 river rats
  A shadow imp (D:9)
  2 white imps
  An ufetubus (D:8)
  3 adder zombies
  2 adder skeletons
  5 worms
  3 dart slugs
  5 leopard geckos
  85 orcs
  4 bat zombies (D:7)
  10 giant cockroaches
  7 goblins
  5 hobgoblins
  9 jackals
  28 kobolds
  2 quokkas
  3 ball pythons (Sewer)
  11 bats
  5 frilled lizards
  A jackal skeleton (D:5)
  2 orc zombies (D:10)
  14 rats
  A rat zombie (D:7)
  A butterfly (Lair:6)
  2 tentacles (Shoals:1)
834 creatures vanquished.

Vanquished Creatures (others)
  A human (Shoals:1)
  An orc (D:15)
  26 fungi
  35 plants
  14 tentacles (Shoals:1)
77 creatures vanquished.

Grand Total: 911 creatures vanquished

Table legend:
 A = Non-vault XP
 B = Vault XP
 C = Vault XP percentage of total XP
 D = Non-vault monster count
 E = Vault monster count
 F = Vault count percentage of total count
                 A         B        C        D         E       F
            +---------+---------+-------+---------+---------+-------
      Total |  124306 |   64720 |  34.2 |     609 |     222 |  26.7
            +---------+---------+-------+---------+---------+-------
        D:1 |      40 |       0 |   0.0 |      20 |       0 |   0.0
        D:2 |     129 |      70 |  35.2 |      22 |       2 |   8.3
        D:3 |     382 |      52 |  12.0 |      45 |       6 |  11.8
        D:4 |     629 |       0 |   0.0 |      21 |       0 |   0.0
        D:5 |     505 |       0 |   0.0 |      27 |       0 |   0.0
        D:6 |     727 |      40 |   5.2 |      22 |       1 |   4.3
        D:7 |    1802 |    1061 |  37.1 |      37 |      13 |  26.0
        D:8 |    2442 |       0 |   0.0 |      36 |       0 |   0.0
        D:9 |    1629 |       0 |   0.0 |      20 |       0 |   0.0
       D:10 |     569 |     586 |  50.7 |       6 |      12 |  66.7
       D:11 |    2611 |     796 |  23.4 |       9 |       1 |  10.0
       D:12 |    8641 |     936 |   9.8 |      34 |      24 |  41.4
       D:13 |   10413 |    8347 |  44.5 |      28 |      20 |  41.7
       D:14 |   10310 |       0 |   0.0 |      31 |       0 |   0.0
       D:15 |   12525 |    7469 |  37.4 |      36 |       7 |  16.3
     Lair:1 |    7172 |       0 |   0.0 |      31 |       0 |   0.0
     Lair:2 |    4681 |    8684 |  65.0 |      12 |      20 |  62.5
     Lair:3 |    3731 |    1247 |  25.1 |      14 |       6 |  30.0
     Lair:4 |   10175 |       0 |   0.0 |      35 |       0 |   0.0
     Lair:5 |    4457 |    1118 |  20.1 |      16 |       1 |   5.9
     Lair:6 |    8727 |   14323 |  62.1 |      31 |      50 |  61.7
   Shoals:1 |   12889 |    1073 |   7.7 |      25 |       1 |   3.8
   Shoals:2 |    3855 |    2393 |  38.3 |      11 |       3 |  21.4
      Orc:1 |     657 |       0 |   0.0 |       7 |       0 |   0.0
      Orc:2 |    4122 |   16420 |  79.9 |      22 |      37 |  62.7
   Depths:1 |   10486 |       0 |   0.0 |      11 |       0 |   0.0
      Sewer |       0 |     105 | 100.0 |       0 |      18 | 100.0
            +---------+---------+-------+---------+---------+-------

Illustrated notes

Table legend:
 A = Kills in this place as a percentage of kills in entire the game.
 B = Kills by you in this place as a percentage of kills by you in the entire game.
 C = Kills by friends in this place as a percentage of kills by friends in the entire game.
 D = Other kills in this place as a percentage of other kills in the entire game.
 E = Experience gained in this place as a percentage of experience gained in the entire game.
 F = Experience gained in this place divided by the number of levels of this place that you have seen.
                   A       B       C       D       E      F
               +-------+-------+-------+-------+-------+----------------------
         Total | 100.0 | 100.0 |   N/A |   N/A | 100.0 | 6750.9
       Dungeon |  57.8 |  57.8 |   N/A |   N/A |  38.5 | 4847.4
          Lair |  26.0 |  26.0 |   N/A |   N/A |  34.0 | 10719.2
        Shoals |   4.8 |   4.8 |   N/A |   N/A |  10.7 | 10105.0
  Orcish Mines |   7.9 |   7.9 |   N/A |   N/A |  11.2 | 10599.5
        Depths |   1.3 |   1.3 |   N/A |   N/A |   5.5 | 10486.0
         Sewer |   2.2 |   2.2 |   N/A |   N/A |   0.1 | 105.0
               +-------+-------+-------+-------+-------+----------------------

Table legend: (Time is in decaauts)
 A = Elapsed time spent in this place.
 B = Non-inter-level travel time spent in this place.
 C = Inter-level travel time spent in this place.
 D = Time resting spent in this place.
 E = Time spent auto-exploring this place.
 F = Levels seen in this place.
 G = Mean time per level.
                   A        B        C        D        E       F      G
               +--------+--------+--------+--------+--------+-----+--------+
         Total |  39255 |  36565 |   2690 |     25 |  30756 |  28 | 1402.0 |
       Dungeon |  21456 |  20266 |   1190 |      0 |  17035 |  15 | 1430.4 |
        Temple |    199 |    147 |     52 |      0 |    143 |   1 |  199.0 |
          Lair |  12485 |  11516 |    969 |     25 |   9862 |   6 | 2080.8 |
        Shoals |   1379 |   1284 |     95 |      0 |   1049 |   2 |  689.5 |
  Orcish Mines |   2921 |   2589 |    332 |      0 |   2206 |   2 | 1460.5 |
        Depths |    295 |    246 |     49 |      0 |    132 |   1 |  295.0 |
         Sewer |    518 |    518 |      0 |      0 |    327 |   1 |  518.0 |
               +--------+--------+--------+--------+--------+-----+--------+

Top non-repeatable levels by time:
  Lair:2: 2676 daAuts
  Lair:6: 2563 daAuts
  Lair:1: 2239 daAuts
     D:5: 1908 daAuts
    D:13: 1891 daAuts
    D:15: 1825 daAuts
     D:8: 1799 daAuts
  Lair:4: 1727 daAuts
    D:10: 1679 daAuts
  Lair:3: 1660 daAuts
     D:4: 1623 daAuts
  Lair:5: 1617 daAuts
   Orc:2: 1577 daAuts
     D:6: 1571 daAuts
    D:12: 1432 daAuts
